 Dungeon Crawl Stone Soup version 0.22.1-2-g9c5b331 (webtiles) character file.

4035 Mesmaeker13 the Covered (level 9, -4/79 HPs)
             Began as a Demigod Fighter on Dec 2, 2018.
             Slain by a fire elemental (14 damage)
             ... summoned by a deep elf mage
             ... in a bailey.
             The game lasted 00:17:06 (8629 turns).

Mesmaeker13 the Covered (Demigod Fighter)           Turns: 8629, Time: 00:17:07

Health: -4/79      AC: 18    Str: 21    XL:     9   Next: 75%
Magic:  11/11      EV:  5    Int: 16    God:
Gold:   453        SH: 11    Dex: 15    Spells: 8/8 levels left

rFire    . . .     SeeInvis .   x - +5 scimitar (elec)
rCold    + . .     Gourm    .   c - +0 shield
rNeg     . . .     Faith    .   F - +0 plate armour
rPois    .         Spirit   .   (no helmet)
rElec    .         Reflect  .   (no cloak)
rCorr    .         Harm     .   y - +2 pair of gloves
MR       .....                  w - +1 pair of boots
Stlth    ..........             v - amulet of magic regeneration
HPRegen  0.23/turn              (no ring)
MPRegen  0.37/turn              C - ring of protection from cold

@: no status effects
A: high mp 1
a: no special abilities


You were in a bailey.
You were not hungry.

You visited 1 branch of the dungeon, and saw 8 of its levels.
You also visited: Ossuary and Bailey.

You collected 481 gold pieces.
You spent 28 gold pieces at shops.

Inventory:

Hand Weapons
 a - a +4 great sword
 x - a +5 scimitar of electrocution (weapon)
 D - a +3 dagger
 H - the cursed +2 rapier of Deflation {speed, *Contam Str+3 Stlth+, unknown}
   (You found it on level 8 of the Dungeon)

   Attacks with this weapon are significantly faster.
   It affects your strength (+3).
   It causes magical contamination when unequipped.
   It makes you more stealthy.
   It has a curse placed upon it.
Missiles
 l - 14 javelins (quivered)
 q - 3 steel javelins
 B - 8 tomahawks
Armour
 c - a +0 shield (worn)
 w - a +1 pair of boots (worn)
 y - a +2 pair of gloves (worn)
 F - a +0 plate armour (worn)
Jewellery
 v - an amulet of magic regeneration (around neck)
 C - a ring of protection from cold (right hand)
Wands
 k - a wand of paralysis (4)
Scrolls
 e - 4 scrolls of teleportation
 g - a scroll of fear {unknown}
 j - 6 scrolls of remove curse
 o - 2 scrolls of fog
 t - 2 scrolls of amnesia
 u - 2 scrolls of enchant armour {unknown}
 z - a scroll of blinking {unknown}
 A - 3 scrolls of magic mapping {unknown}
 I - 2 scrolls of brand weapon
Potions
 b - 3 potions of flight
 d - a potion of might
 m - a potion of agility
 n - a potion of berserk rage {unknown}
 p - 4 potions of lignification
 r - a potion of cancellation
 s - a potion of mutation {unknown}
 E - a potion of magic
 G - a potion of haste {unknown}
Comestibles
 f - 10 rations
 i - 15 chunks of flesh


   Skills:
 + Level 7.1 Fighting
 + Level 6.9 Long Blades
 + Level 7.2 Armour
 + Level 7.2 Shields


You had 8 spell levels left.
You didn't know any spells.
Your spell library contained the following spells:

 Spells                   Type           Power        Failure   Level  Hunger
 Corona                   Hex            #......      100%        1    ##.....
 Ensorcelled Hibernation  Hex/Ice        #.....       100%        2    ###....
 Confuse                  Hex            #.......     100%        3    ####...
 Dazzling Spray           Conj/Hex       #.....       100%        3    ####...
 Tukima's Dance           Hex            #.......     100%        3    ####...


Dungeon Overview and Level Annotations

Branches:
Dungeon (8/15)             Temple (0/1) D:6
   Lair: D:8-11

Shops:
D:6 ?   D:8 :

Annotations:
D:4 1 runed door, Labyrinth's ghost, amateur DrFE


Innate Abilities, Weirdness & Mutations

You have an increased reservoir of magic. (+10% MP)


Message History

The fire elemental completely misses you.
You riposte.
You slash the fire elemental!
You destroy the fire elemental!
You feel better. You block the fire elemental's attack.
You feel better. The fire elemental hits you. The fire elemental burns you!
* * * LOW HITPOINT WARNING * * *
It was a potion of agility.
You feel agile all of a sudden. The fire elemental hits you.
The fire elemental burns you!
* * * LOW HITPOINT WARNING * * *
You block the fire elemental's attack.
Unknown command.
It was a potion of magic.
Magic courses through your body. You block the fire elemental's attack.
It was a potion of cancellation.
Your magical effects are unravelling.
You feel magically purged.
You feel a little less mighty now.
You feel a little less agile now. The fire elemental hits you.
The fire elemental burns you!
You die...

#####
##...##
###
#..∩..#
..##
#.....#
e..#
##...##
...#
####'##E.#
##..@##
#.....#
#..∩..#
#.....#
#....##
+#####


You could see a deep elf mage and a fire elemental.

Vanquished Creatures
  A two-headed ogre (D:8)
  2 wraiths (Ossuary)
  2 hungry ghosts (D:7)
  2 orc warriors (D:6)
  A sky beast (D:7)
  An ice beast (D:5)
  A phantom (D:4)
  4 ogres
  Blork the orc (D:6)
  5 bullfrogs
  2 water moccasin skeletons
  3 scorpions
  3 howler monkeys
  2 wights (Ossuary)
  5 crimson imps
  A centaur zombie (D:6)
  A bullfrog zombie (D:6)
  2 jellies
  4 orc wizards
  7 orc priests
  A bullfrog skeleton (D:7)
  A centaur skeleton (D:8)
  9 worker ants
  A killer bee zombie (D:6)
  A hound zombie (D:6)
  A mummy (D:7)
  A worker ant zombie (D:5)
  12 adders
  A shadow imp (D:6)
  3 adder skeletons
  4 worms
  4 dart slugs
  4 leopard geckos
  29 orcs
  2 ball pythons
  12 bats
  2 giant cockroaches
  10 hobgoblins
  12 jackals
  12 kobolds
  7 quokkas
  7 frilled lizards
  10 goblins
  3 hobgoblin skeletons (Ossuary)
  4 hobgoblin zombies (Ossuary)
  A kobold zombie (Ossuary)
  An orc zombie (Ossuary)
  8 rats
213 creatures vanquished.

Notes
Turn   | Place    | Note
-------+----------+-------------------------------------------
     0 | D:1      | Mesmaeker13 the Demigod Fighter began the quest for the
                  | Orb.
     0 | D:1      | Reached XP level 1. HP: 18/18 MP: 3/3
   163 | D:1      | Reached XP level 2. HP: 17/25 MP: 4/4
   781 | D:1      | Reached XP level 3. HP: 31/31 MP: 5/5
   984 | D:2      | Found a burning altar of Makhleb.
   984 | D:2      | Found a hazy altar of Hepliaklqana.
  1034 | D:2      | Found a shadowy altar of Dithmenos.
  1554 | D:2      | Reached XP level 4. HP: 38/38 MP: 6/6
  1616 | D:2      | Found a shimmering altar of Xom.
  1617 | D:2      | Found a sparkling altar of Nemelex Xobeh.
  2320 | D:3      | Found a hide-covered altar of Uskayaw.
  2320 | D:3      | Noticed a hand axe
  2321 | D:3      | Noticed a dagger
  2483 | D:3      | Reached XP level 5. HP: 32/45 MP: 7/7
  2703 | D:3      | Found a faded altar of an unknown god.
  3004 | D:4      | Reached XP level 6. HP: 14/52 MP: 8/8
  3299 | D:4      | Found a runed door.
  3299 | D:4      | Noticed Labyrinth's ghost (amateur DrFE)
  3941 | D:5      | Entered Level 5 of the Dungeon
  4269 | D:5      | Reached XP level 7. HP: 60/60 MP: 9/9
  5293 | D:6      | Reached skill level 5 in Fighting
  5293 | D:6      | Reached skill level 5 in Armour
  5293 | D:6      | Reached skill level 5 in Shields
  5444 | D:6      | Found a staircase to the Ecumenical Temple.
  5563 | D:6      | Reached XP level 8. HP: 56/68 MP: 10/10
  5671 | D:6      | Reached skill level 5 in Long Blades
  5671 | D:6      | Noticed Blork the orc
  5687 | D:6      | Killed Blork the orc
  6167 | D:6      | Found Kisuat's Magic Scroll Boutique.
  6172 | D:6      | Bought a scroll of identify for 28 gold pieces
  6884 | D:7      | Reached XP level 9. HP: 72/75 MP: 11/11
  6939 | D:7      | Found a sand-covered staircase.
  6977 | Ossuary  | Entered an ossuary
  7584 | D:7      | Found a blossoming altar of Fedhas.
  8198 | D:8      | Found Datal's Book Shoppe.
  8298 | D:8      | Got a polished rapier
  8450 | D:8      | Noticed a two-headed ogre
  8466 | D:8      | Killed a two-headed ogre
  8549 | D:8      | Found a flagged portal.
  8587 | Bailey   | Entered a bailey
  8610 | Bailey   | Noticed a deep elf mage
  8629 | Bailey   | Slain by a fire elemental

Skill      XL: |  1  2  3  4  5  6  7  8  9 |
---------------+----------------------------+-----
Long Blades    | 2 3 4 5 6 |  6.9
Armour         | 3 4 5 6 7 |  7.2
Fighting       | 3 4 5 6 7 |  7.1
Shields        | 3 4 5 6 7 |  7.2

Action                   |  1- 3 |  4- 6 |  7- 9 || total
-------------------------+-------+-------+-------++-------
Melee: Long sword        |   144 |   290 |   388 ||   822
       Scimitar          |       |       |   126 ||   126
Throw: Javelin           |       |     8 |    15 ||    23
Evoke: Wand              |       |     9 |    32 ||    41
  Use: Scroll            |     4 |     4 |    11 ||    19
       Potion            |     1 |     1 |     7 ||     9
 Stab: Paralysed         |       |     7 |    12 ||    19
  Eat: Chunk             |     2 |     6 |    13 ||    21
       Ration            |       |     1 |     3 ||     4
Armor: Scale mail        |    79 |   133 |    81 ||   293
       Plate armour      |       |       |   160 ||   160
Dodge: Dodged            |    55 |    78 |   101 ||   234
Block: Shield            |    85 |   169 |   245 ||   499
       Rpst.: Long sword |    21 |    20 |    27 ||    68
       Scimitar          |       |       |     4 ||     4
